 Dungeon Crawl Stone Soup version 0.28.0-49-g6dfe1f597d (webtiles) character file.

Game seed: 14584852131026743470

95 safid the Chopper (level 4, 0/40 HPs)
             Began as a Hill Orc Fighter on May 13, 2022.
             Killed from afar by Sigmund (9 damage)
             ... with a magic dart
             ... on level 3 of the Dungeon.
             The game lasted 00:02:26 (1951 turns).

safid the Chopper (Hill Orc Fighter)                Turns: 1951, Time: 00:02:27

Health: 0/40       AC:  7    Str: 20    XL:     4   Next: 65%
Magic:  4/4        EV:  9    Int:  8    God:
Gold:   85         SH:  4    Dex: 10    Spells: 3/3 levels left

rFire   . . .      SeeInvis .   a - +0 war axe
rCold   . . .      Faith    .   c - +0 buckler
rNeg    . . .      Spirit   .   b - +0 scale mail
rPois   .          Reflect  .   (no helmet)
rElec   .          Harm     .   (no cloak)
rCorr   .          Rampage  .   (no gloves)
Will    .....                   (no boots)
Stlth   ..........              (no amulet)
HPRegen 0.13/turn               (no ring)
MPRegen 0.09/turn               (no ring)

@: no status effects
A: no striking features
a: no special abilities


You were on level 3 of the Dungeon.
You visited 1 branch of the dungeon, and saw 3 of its levels.

You collected 85 gold pieces.

Inventory:

Hand Weapons
 a - a +0 war axe (weapon)
Missiles
 f - 6 poisoned darts (quivered)
Armour
 b - a +0 scale mail (worn)
 c - a +0 buckler (worn)
Scrolls
 g - a scroll of teleportation {unknown}
 i - a scroll of identify {unknown}
 k - a scroll of silence {unknown}
Potions
 d - a potion of might
 e - 3 potions of curing {unknown}
 h - a potion of attraction {unknown}
 j - a potion of cancellation {unknown}
 l - a potion of ambrosia {unknown}


   Skills:
 - Level 4.0 Fighting
 + Level 4.6 Axes
 - Level 4.0 Armour
 - Level 4.0 Shields


You had 3 spell levels left.
You didn't know any spells.
Your spell library was empty.

Dungeon Overview and Level Annotations

Branches:
Dungeon (3/15)

Altars:

Shops:
D:2 (

Annotations:
D:3 Sigmund


Message History

You kill the ball python!
No target in view!
No target in view!
Sigmund the Dreaded comes into view.
He is wielding a +0 scythe.
Sigmund shouts!
Sigmund gestures at you while chanting. The magic dart hits you!
Sigmund is nearby!
Sigmund gestures at you while chanting. The magic dart hits you!
A rat comes into view.
Sigmund points at you and mumbles some strange words.
The magic dart hits you.
You hit Sigmund.
Sigmund is lightly wounded.
Sigmund misses you.
You slash Sigmund!
Sigmund is moderately wounded.
Sigmund points at you and mumbles some strange words.
You resist with some effort.
You slash Sigmund!
Sigmund is heavily wounded.
Sigmund mumbles some strange words.
Sigmund flickers and vanishes!
Deactivating autopickup; reactivate with Ctrl-A.
You barely miss something. You block something's attack.
You barely miss something. Something hits you.
You miss something. Something hits you.
You hit something but do no damage. Something hits you but does no damage.
You barely miss something.
You hear some strange, mumbled words.
A puff of flame appears from out of thin air!
The puff of flame hits you!
You hit something but do no damage. Something hits you.
* * * LOW HITPOINT WARNING * * *
You closely miss something.
You hear some strange, mumbled words.
A magic dart appears from out of thin air!
The magic dart hits you!
You die...

####.#.#####
......... .
####.#..#.####
#.#..#....## ##
####)#†........ . ..
....).†.##.##.... .#
.......##.#.##. ##.#
.......#!.
...###{r.#
####'#.##.#.##.#@##
#.#..##.##!....##.
#.#.................
#.#..†..+.........##
#.#.....#########.#
#.#.....# .#
#.#....... .
#......## # ##....#.


You could see a rat.

Vanquished Creatures
  3 adders (D:2)
  2 dart slugs
  2 worms (D:3)
  2 ball pythons
  2 endoplasms
  2 giant cockroaches
  8 goblins
  5 hobgoblins
  4 jackals (D:2)
  A quokka (D:2)
  7 bats
  3 frilled lizards
  8 kobolds
  9 rats
58 creatures vanquished.

Notes
Turn   | Place    | Note
-------+----------+-------------------------------------------
     0 | D:1      | safid the Hill Orc Fighter began the quest for the Orb.
     0 | D:1      | Reached XP level 1. HP: 19/19 MP: 1/1
   141 | D:1      | Reached XP level 2. HP: 25/27 MP: 2/2
   776 | D:2      | Reached XP level 3. HP: 26/33 MP: 3/3
  1166 | D:2      | Found Keciptua's Antique Weapon Shoppe.
  1469 | D:2      | Reached XP level 4. HP: 39/40 MP: 4/4
  1584 | D:2      | Found a faded altar of an unknown god.
  1937 | D:3      | Noticed Sigmund
  1951 | D:3      | Killed from afar by Sigmund

Illustrated notes

Levels and vault maps discovered:
D:1:      psy_arrival_statuary, layout_basic, solitary_fountain,
          nicolae_concentric_dashed_squares_mild
D:2:      layout_loops_cross, shapermc_ecumenical_altar_pompeii, serial_shops,
          nicolae_shop_stone
D:3:      layout_basic, mainiacjoe_overflow_paths, minmay_ruptured, uniq_sigmund

Skill      XL: |  1  2  3  4 |
---------------+-------------+-----
Axes           | 3 4 |  4.6
Fighting       | 4 |  4.0
Armour         | 4 |  4.0
Shields        | 4 |  4.0

Action                   |  1- 3 |  4- 6 || total
-------------------------+-------+-------++-------
Melee: War axe           |   103 |    51 ||   154
Armor: Scale mail        |    53 |    25 ||    78
Dodge: Dodged            |    56 |    32 ||    88
Block: Buckler           |    26 |     9 ||    35
